 Dungeon Crawl Stone Soup version 0.24.1-8-ga250c9d538 (webtiles) character file.

Game seed: 7770261589605982920, levelgen mode: deterministic

39 Atelerd the Conjurer (level 3, 0/19 HPs)
             Began as a Tengu Wizard on Apr 27, 2020.
             Succumbed to an adder's poison
             ... on level 2 of the Dungeon.
             The game lasted 00:01:55 (928 turns).

Atelerd the Conjurer (Tengu Wizard)                  Turns: 928, Time: 00:01:56

Health: 0/19       AC:  2    Str: 12    XL:     3   Next: 45%
Magic:  3/8        EV: 12    Int: 19    God:
Gold:   53         SH:  0    Dex: 12    Spells: 2/8 levels left

rFire    . . .     SeeInvis .   k - +0 whip (venom)
rCold    . . .     Gourm    .   (no shield)
rNeg     . . .     Faith    .   a - +0 robe
rPois    .         Spirit   .   b - +0 hat
rElec    .         Reflect  .   (no cloak)
rCorr    .         Harm     .   (no gloves)
MR       .....                  (boots unavailable)
Stlth    ++........             (no amulet)
HPRegen  0.06/turn              (no ring)
MPRegen  0.11/turn              (no ring)

@: mighty, lethally poisoned (0 -> -5)
A: beak, talons 3
a: no special abilities


You were on level 2 of the Dungeon.
You were not hungry.

You visited 1 branch of the dungeon, and saw 2 of its levels.

You collected 53 gold pieces.

Inventory:

Hand Weapons
 k - a +0 whip of venom (weapon)
Armour
 a - a +0 robe (worn)
 b - a +0 hat (worn)
Scrolls
 e - a scroll of enchant weapon {unknown}
 h - a scroll of immolation {unknown}
 i - a scroll of random uselessness {unknown}
 j - 3 scrolls of remove curse {unknown}
 l - 2 scrolls of amnesia {unknown}
 n - a scroll of teleportation {unknown}
Potions
 c - 2 potions of might
 f - a potion of lignification {unknown}
 g - 2 potions of degeneration {unknown}
 m - a potion of mutation {unknown}
 o - a potion of magic {unknown}
Comestibles
 d - 7 rations


   Skills:
 - Level 2.1 Dodging
 - Level 2.0 Stealth
 + Level 3.3 Spellcasting
 * Level 3.5 Conjurations
   Level 1.2 Summonings
 - Level 0.7 Translocations
 * Level 1.0 Air Magic


You had 2 spell levels left.
You knew the following spells:

 Your Spells              Type           Power        Failure   Level  Hunger
a - Magic Dart            Conj           ###.         3%          1    None
b - Mephitic Cloud        Conj/Pois/Air  #.......     24%         3    ###....
c - Blink                 Tloc           N/A          17%         2    ##.....

Your spell library contained the following spells:

 Spells                   Type           Power        Failure   Level  Hunger
 Call Imp                 Summ           #.......     14%         2    ##.....
 Slow                     Hex            #.......     22%         2    ##.....
 Conjure Flame            Conj/Fire      #.......     22%         3    ###....


Dungeon Overview and Level Annotations

Branches:
Dungeon (2/15)

Altars:


Innate Abilities, Weirdness & Mutations

You have a beak for a mouth.
You have claws for feet.


Message History

Your Air Magic skill increases to level 1!
You feel sick.
You feel sick.
You feel sick.
* * * LOW HITPOINT WARNING * * *
You feel sick.
* * * LOW HITPOINT WARNING * * *
You feel sick.
* * * LOW HITPOINT WARNING * * *
You feel sick.
* * * LOW HITPOINT WARNING * * *
You feel sick.
An orc comes into view.
* * * LOW HITPOINT WARNING * * *
You feel sick.
* * * LOW HITPOINT WARNING * * *
You feel sick.
It was a potion of might.
You feel very mighty all of a sudden.
You die...

#..........................
#........................##
#............÷...........##
##....o####..........#######
#....................##.....
#.....o.o...................
#...........................
######..o#########...†......
##..o.@...###....##...#
#...............##....
###...............##....
#####.......................
#...........................
#..............###..........
#.............## #..........
#.............####..........
#...........................


You could see 2 orcs.

Vanquished Creatures
  An adder (D:2)
  A worm (D:2)
  A dart slug (D:1)
  A leopard gecko (D:2)
  An orc (D:2)
  3 bats
  2 giant cockroaches (D:1)
  A hobgoblin (D:2)
  2 jackals (D:2)
  A ball python (D:2)
  2 frilled lizards
  A goblin (D:1)
  3 kobolds
  5 rats
25 creatures vanquished.

Notes
Turn   | Place    | Note
-------+----------+-------------------------------------------
     0 | D:1      | Atelerd the Tengu Wizard began the quest for the Orb.
     0 | D:1      | Reached XP level 1. HP: 10/10 MP: 5/5
   370 | D:1      | Reached XP level 2. HP: 15/15 MP: 4/7
   803 | D:2      | Reached XP level 3. HP: 14/19 MP: 1/8
   808 | D:2      | Learned a level 3 spell: Mephitic Cloud
   811 | D:2      | Learned a level 2 spell: Blink
   908 | D:2      | Reached skill level 1 in Air Magic
   928 | D:2      | Succumbed to an adder's poison

Levels and vault maps discovered:
D:1:      shiori_arrival_maze, layout_basic, palyth_stone_intersect
D:2:      layout_basic, nicolae_ashenzari_panopticon, uniq_terence

Skill      XL: |  1  2  3 |
---------------+----------+-----
Conjurations   | 2 3 |  3.5
Air Magic      | 1 |  1.0
Dodging        | |  2.1
Stealth        | |  2.0
Spellcasting   | |  3.3
Summonings     | |  1.2
Translocations | |  0.7

Action                   || total
-------------------------++-------
Melee: Whip              ||    12
       Unarmed           ||     4
       Peck              ||     5
       Kick              ||     3
 Cast: Magic Dart        ||    54
  Use: Potion            ||     1
Armor: Robe              ||     2
Dodge: Dodged            ||    12
